 Dungeon Crawl Stone Soup version 0.29.0-5-ge4962eb29e (webtiles) character file.

Game seed: 12331121717658775517

107 howech the Trooper (level 4, -2/41 HPs)
             Began as a Draconian Berserker on Aug 30, 2022.
             Was a Believer of Trog.
             Slain by a gnoll
             ... wielding a +0 spear
              (8 damage)
             ... on level 3 of the Dungeon.
             The game lasted 00:05:32 (2060 turns).

howech the Trooper (Draconian Berserker)            Turns: 2060, Time: 00:05:33

Health: -2/41      AC:  6    Str: 21    XL:     4   Next: 57%
Magic:  4/4        EV: 12    Int:  8    God:    Trog [**....]
Gold:   154        SH:  0    Dex: 10    Spells: 3/3 levels left

rFire   . . .      SeeInvis .   a - +0 falchion
rCold   . . .      Faith    .   (no shield)
rNeg    . . .      Spirit   .   (body armour unavailable)
rPois   .          Reflect  .   (helmet restricted)
rElec   .          Harm     .   (no cloak)
rCorr   .          Rampage  .   (no gloves)
Will    .....                   h - +0 pair of boots
Stlth   +.........              (no amulet)
HPRegen 0.13/turn               (no ring)
MPRegen 0.09/turn               (no ring)

@: no status effects
A: AC +5, unfitting armour, cold-blooded
a: Renounce Religion, Berserk, Trog's Hand


You were on level 3 of the Dungeon.
You worshipped Trog.
Trog was pleased with you.
You visited 1 branch of the dungeon, and saw 3 of its levels.

You collected 154 gold pieces.

Inventory:

Hand Weapons
 a - a +0 falchion (weapon)
Missiles
 m - 8 poisoned darts (quivered)
Armour
 h - a +0 pair of boots (worn)
Jewellery
 g - a ring of magical power
 q - a ring of protection from cold
Wands
 s - a wand of flame (26)
Scrolls
 b - a scroll of blinking {unknown}
 d - 5 scrolls of identify {unknown}
 i - a scroll of fear {unknown}
 j - 2 scrolls of enchant weapon {unknown}
 l - 2 scrolls of amnesia {unknown}
 n - 2 scrolls of teleportation {unknown}
 o - a scroll of immolation {unknown}
 t - a scroll of poison {unknown}
Potions
 c - a potion of curing {unknown}
 e - 2 potions of invisibility {unknown}
 f - 2 potions of cancellation {unknown}
 k - a potion of brilliance {unknown}
 p - a potion of attraction {unknown}
 r - 2 potions of haste {unknown}
 u - a potion of berserk rage {unknown}


   Skills:
 + Level 4.3 Fighting
 + Level 3.9 Long Blades
 + Level 3.6 Dodging


You had 3 spell levels left.
You didn't know any spells.
Your spell library contained the following spells:

 Spells                   Type           Power      Damage    Failure   Level
 Shock                    Conj/Air       0%         1d3       41%         1
 Slow                     Hex            0%         N/A       41%         1
 Confusing Touch          Hex            0%         N/A       78%         3
 Gell's Gravitas          Tloc           0%         N/A       78%         3
 Lesser Beckoning         Tloc           0%         N/A       78%         3
 Swiftness                Air            0%         N/A       78%         3
 Teleport Other           Tloc           0%         N/A       78%         3
 Vampiric Draining        Necr           0%         2d6       78%         3
 Airstrike                Air            0%         2d(0-16)  99%         4


Dungeon Overview and Level Annotations

Branches:
Dungeon (3/15)

Altars:
Elyvilon


Innate Abilities, Weirdness & Mutations

Your plain brown scales are hard. (AC +5)
You cannot fit into any form of body armour.
You are cold-blooded and may be slowed by cold attacks.


Message History

You hit the orc but do no damage. The orc barely misses you.
You hit the orc. You tail-slap the orc.
You kill the orc!
Trog accepts your kill.
You hear the slow rusting of a very distant drain. 2 gnolls come into view.
The gnoll shouts! x2
Items here: )) [ †.
There is a stone staircase leading up here.
The gnoll hits you but does no damage.
Items here: )) [ †.
The gnoll closely misses you. The gnoll closely misses you.
The gnoll hits you from afar with a +0 halberd.
You hit the gnoll.
The gnoll is moderately wounded.
The gnoll hits you but does no damage. The gnoll misses you.
You hit the gnoll.
The gnoll is severely wounded.
The gnoll completely misses you. The gnoll hits you with a +0 spear.
The gnoll hits you with a +0 halberd.
Unknown command.
You barely miss the gnoll.
The gnoll is severely wounded.
The gnoll hits you with a +0 spear. The gnoll hits you with a +0 halberd!
Unknown command.
You hit the gnoll but do no damage. The gnoll barely misses you.
The gnoll hits you but does no damage.
Unknown command.
You hit the gnoll.
The gnoll is severely wounded.
The gnoll hits you with a +0 halberd.
* * * LOW HITPOINT WARNING * * *
The gnoll hits you with a +0 spear.
* * * LOW HITPOINT WARNING * * *
Unknown command.
You barely miss the gnoll.
You tail-slap the gnoll, but do no damage.
The gnoll hits you with a +0 spear!
You die...

......~~....#
#.#######
##~~~~~~###.# #.#
##~~~~##########.#
### ## #
#######.........#
..... ...#
#.#.....### ..#.
#... .#.......# ..g
# .#
#.....#.#.####..##.#
.
.#....#.#....#.....#
##.#..g@.##.#...#
...#.###g#..)...#
... #. #...<#......#
## # #..[..##....#
#.##.... ...#
#.###...# .## ...
..... # #### ######


You could see 2 gnolls.

Vanquished Creatures
  3 adders (D:2)
  A gnoll (D:3)
  5 worms (D:2)
  2 dart slugs (D:2)
  An orc (D:3)
  8 ball pythons (D:2)
  5 bats (D:2)
  5 endoplasms
  2 goblins (D:2)
  5 hobgoblins
  5 kobolds
  3 quokkas
  A frilled lizard (D:1)
  4 rats
50 creatures vanquished.

Notes
Turn   | Place    | Note
-------+----------+-------------------------------------------
     0 | D:1      | howech the Draconian Berserker began the quest for the Orb.
     0 | D:1      | Reached XP level 1. HP: 19/19 MP: 1/1
    21 | D:1      | Found a faded altar of an unknown god.
   204 | D:1      | Reached XP level 2. HP: 26/26 MP: 2/2
   857 | D:2      | Reached XP level 3. HP: 22/33 MP: 3/3
  1088 | D:2      | Reached skill level 4 in Fighting
  1164 | D:2      | Reached ** piety under Trog
  1224 | D:2      | Reached XP level 4. HP: 36/40 MP: 4/4
  1782 | D:2      | Found a white marble altar of Elyvilon.
  2060 | D:3      | Slain by a gnoll

Illustrated notes

Levels and vault maps discovered:
D:1:      dpeg_arrival_houses_and_road, layout_basic, serial_forest,
          infiniplex_forest_straight_2, infiniplex_forest_straight_1,
          infiniplex_forest_clump_medium, infiniplex_forest_diagonal,
          infiniplex_forest_lined_3_way, infiniplex_forest_lined_corner,
          basic_ecumenical_altar, moated_statue, minmay_misc_feat_tiny,
          hangedman_decor_push, hangedman_abyss_or_decor_stabs
D:2:      layout_loops_ring, basic_altar, minmay_joined_circles
D:3:      cheibrodos_helix_gallery, layout_basic, mainiacjoe_overflow_alcove_1,
          gup_sewer_entry_bubbles

Skill      XL: |  1  2  3 |
---------------+----------+-----
Dodging        | 3 |  3.6
Fighting       | 4 |  4.3
Long Blades    | |  3.9

Action                   |  1- 3 |  4- 6 || total
-------------------------+-------+-------++-------
Melee: Falchion          |   106 |    73 ||   179
       Tailslap          |     8 |     7 ||    15
       Punch             |       |     1 ||     1
 Stab: Sleeping          |       |     1 ||     1
Armor: Skin              |    52 |    19 ||    71
Dodge: Dodged            |    81 |    47 ||   128
